 Dungeon Crawl Stone Soup version 0.23.2-40-g277498a (webtiles) character file.

Game seed: 8688671981350433046

836 Fang the Skirmisher (level 7, -3/46 HPs)
             Began as a Gargoyle Berserker on Oct 23, 2019.
             Was a Priest of Trog.
             Slain by a worker ant (5 damage)
             ... on level 5 of the Dungeon.
             The game lasted 00:03:52 (3268 turns).

Fang the Skirmisher (Gargoyle Berserker)            Turns: 3268, Time: 00:03:52

Health: -3/46      AC:  7    Str: 22    XL:     7   Next: 99%
Magic:  7/7        EV: 13    Int:  8    God:    Trog [***...]
Gold:   256        SH:  0    Dex:  9    Spells: 6/6 levels left

rFire    . . .     SeeInvis .   a - +0 hand axe
rCold    . . .     Gourm    .   (no shield)
rNeg     + . .     Faith    .   b - +0 animal skin
rPois    ∞         Spirit   .   (no helmet)
rElec    +         Reflect  .   (no cloak)
rCorr    .         Harm     .   (no gloves)
MR       +....                  (no boots)
Stlth    ++........             (no amulet)
HPRegen  0.15/turn              t - ring of stealth
MPRegen  0.10/turn              e - ring of protection from magic

@: no status effects
A: negative energy resistance 1, electricity resistance, unbreathing,
petrification resistance, rot immunity, AC +4
a: Berserk, Trog's Hand, Renounce Religion


You were on level 5 of the Dungeon.
You worshipped Trog.
Trog was most pleased with you.
You were not hungry.

You visited 1 branch of the dungeon, and saw 5 of its levels.

You collected 256 gold pieces.

Inventory:

Hand Weapons
 a - a +0 hand axe (weapon)
Armour
 b - a +0 animal skin (worn)
Jewellery
 e - a ring of protection from magic (right hand)
 q - an uncursed ring of see invisible
 t - a ring of stealth (left hand)
Wands
 s - a wand of enslavement (2)
Scrolls
 f - 3 scrolls of remove curse {unknown}
 j - 3 scrolls of identify {unknown}
 l - 2 scrolls of teleportation {unknown}
 m - 2 scrolls of fog {unknown}
 n - a scroll of enchant weapon {unknown}
 p - a scroll of noise {unknown}
 u - a scroll of amnesia {unknown}
Potions
 d - 2 potions of brilliance {unknown}
 g - a potion of haste {unknown}
 h - 3 potions of might {unknown}
 i - a potion of resistance {unknown}
 k - a potion of magic {unknown}
 o - a potion of agility {unknown}
 r - a potion of lignification {unknown}
Comestibles
 c - 5 rations
 v - 6 chunks of flesh


   Skills:
 * Level 6.0 Fighting
 * Level 5.1 Axes
 + Level 4.7 Armour
 + Level 3.5 Dodging


You had 6 spell levels left.
You didn't know any spells.
Your spell library was empty.

Dungeon Overview and Level Annotations

Branches:
Dungeon (5/15)
 Temple: D:4-7

Altars:
Elyvilon
Fedhas
Nemelex Xobeh
Ru


Innate Abilities, Weirdness & Mutations

You are resistant to torment.
Your stone body is resilient. (AC +4)
You are immune to poison.
You resist negative energy. (rN+)
You are resistant to electric shocks. (rElec)
You can survive without breathing.
You are immune to petrification.
You are immune to rotting.


Message History

The water moccasin skeleton bites you.
* * * LOW HITPOINT WARNING * * *
The crimson imp blinks!
The jackal barely misses you.
You slash the water moccasin skeleton!
You destroy the water moccasin skeleton!
Trog accepts your kill.
Your Fighting skill increases to level 6!
You hit the adder but do no damage. You hit the jackal.
You kill the jackal!
Trog accepts your kill.
You barely miss the worker ant. The adder completely misses you.
The worker ant closely misses you. The adder barely misses you.
The crimson imp hits you.
* * * LOW HITPOINT WARNING * * *
The worker ant bites you.
* * * LOW HITPOINT WARNING * * *
The crimson imp hits you.
* * * LOW HITPOINT WARNING * * *
The worker ant bites you.
You die...

........................#
.........#.###..........#
.........#..............#
.........#.####.........'
.....>...#.####.........#
.........#....'......)..#
......†..#.####.........#
.......aS#...........(..#
.......5@#..###.........#
#######..#..# #.........#
##....# #.........#
#...## ####..÷..<# #...#
######## #..$# #.#>#
#.#.# #...#


You could see a worker ant, a crimson imp and an adder.

Vanquished Creatures
  Grinder (D:4)
  Sigmund (D:2)
  Blork the orc (D:4)
  A bullfrog (D:5)
  A water moccasin skeleton (D:5)
  A hound (D:4)
  An iguana (D:4)
  Ijyb (D:4)
  3 worker ants (D:4)
  6 adders
  2 oozes
  3 worms
  An adder skeleton (D:4)
  7 dart slugs
  A leopard gecko (D:5)
  8 orcs
  A ball python (D:1)
  7 bats
  4 giant cockroaches
  3 goblins
  4 hobgoblins
  5 jackals (D:5)
  A quokka (D:2)
  4 frilled lizards
  6 kobolds
  A leopard gecko skeleton (D:4)
  7 rats
82 creatures vanquished.

Vanquished Creatures (others)
  8 fungi (D:4)
8 creatures vanquished.

Grand Total: 90 creatures vanquished

Notes
Turn   | Place    | Note
-------+----------+-------------------------------------------
     0 | D:1      | Fang the Gargoyle Berserker began the quest for the Orb.
     0 | D:1      | Reached XP level 1. HP: 14/14 MP: 1/1
   113 | D:1      | Reached XP level 2. HP: 19/19 MP: 2/2
   701 | D:2      | Reached XP level 3. HP: 15/23 MP: 3/3
   836 | D:2      | Reached ** piety under Trog
  1239 | D:2      | Noticed Sigmund
  1251 | D:2      | Killed Sigmund
  1251 | D:2      | Reached skill level 4 in Fighting
  1251 | D:2      | Reached XP level 4. HP: 30/30 MP: 4/4
  1251 | D:2      | Reached XP level 5. HP: 34/34 MP: 5/5
  1721 | D:3      | Reached XP level 6. HP: 12/39 MP: 6/6
  2100 | D:3      | Found a white marble altar of Elyvilon.
  2280 | D:3      | Reached *** piety under Trog
  2376 | D:4      | Noticed Blork the orc
  2385 | D:4      | Killed Blork the orc
  2396 | D:4      | Reached skill level 5 in Fighting
  2424 | D:4      | Noticed Grinder
  2486 | D:4      | Killed Grinder
  2486 | D:4      | Reached XP level 7. HP: 44/44 MP: 7/7
  2685 | D:4      | Noticed Ijyb
  2710 | D:4      | Killed Ijyb
  3160 | D:5      | Entered Level 5 of the Dungeon
  3188 | D:5      | Found a sacrificial altar of Ru.
  3203 | D:5      | Reached skill level 5 in Axes
  3211 | D:5      | Found a sparkling altar of Nemelex Xobeh.
  3212 | D:5      | Found a blossoming altar of Fedhas.
  3266 | D:5      | Reached skill level 6 in Fighting
  3268 | D:5      | HP: 2/46 [crimson imp (3)]
  3268 | D:5      | Slain by a worker ant

Skill      XL: |  1  2  3  4  5  6  7 |
---------------+----------------------+-----
Axes           | 3 4 5 |  5.1
Dodging        | 2 3 |  3.5
Fighting       | 4 5 6 |  6.0
Armour         | 3 4 |  4.7

Action                   |  1- 3 |  4- 6 |  7- 9 || total
-------------------------+-------+-------+-------++-------
Melee: Hand axe          |    93 |   189 |    99 ||   381
Invok: Berserk           |     2 |       |       ||     2
       Trog's Hand       |       |     1 |       ||     1
 Stab: Sleeping          |     1 |       |       ||     1
  Eat: Chunk             |     2 |     5 |     3 ||    10
Armor: Animal skin       |    25 |    75 |    37 ||   137
       Skin              |       |     1 |       ||     1
Dodge: Dodged            |    70 |   186 |    86 ||   342
